 Dungeon Crawl Stone Soup version 0.20.1-1-g8b1a95d (webtiles) character file.

143 Rozenbaumfricks2 the Skirmisher (level 5, -7/41 HPs)
             Began as a Demonspawn Fighter on Sept 27, 2017.
             Mangled by an ogre
             ... wielding a +0 giant club
              (20 damage)
             ... on level 4 of the Dungeon.
             The game lasted 00:11:07 (2320 turns).

Rozenbaumfricks2 the Skirmisher (DsFi)              Turns: 2320, Time: 00:11:07

Health: -7/41      AC: 10    Str: 17    XL:     5   Next: 4%
Magic:  5/5        EV:  7    Int:  9    God:
Gold:   119        SH:  9    Dex: 13    Spells: 4/4 levels left

rFire    + . .     SeeInvis .   m - +2 short sword (vamp)
rCold    . . .     Gourm    .   c - +0 shield
rNeg     . . .     Faith    .   b - +0 scale mail
rPois    .         Spirit   .   (no helmet)
rElec    .         Reflect  .   n - +0 cloak
rCorr    .         Harm     .   (no gloves)
MR       .....                  (no boots)
Stlth    ..........             (no amulet)
Regen    0.2/turn               (no ring)
MPRegen  0.1/turn               (no ring)

@: no status effects
A: hooves 1, slimy green scales 2, fire resistance 1
a: no special abilities


You were on level 4 of the Dungeon.
You were not hungry.

You visited 1 branch of the dungeon, and saw 4 of its levels.

You collected 119 gold pieces.

Inventory:

Hand Weapons
 m - a +2 vampiric short sword (weapon)
Armour
 b - a +0 scale mail (worn)
 c - a +0 shield (worn)
 n - a +0 cloak (worn)
Scrolls
 e - a scroll of teleportation {unknown}
 k - 5 scrolls of remove curse
 l - a scroll of amnesia {unknown}
 o - a scroll of fog {unknown}
 p - a scroll of fear {unknown}
 q - a scroll of enchant armour {unknown}
Potions
 d - a potion of might
 g - a potion of heal wounds {unknown}
 i - a potion of agility {unknown}
 j - a potion of haste {unknown}
Comestibles
 a - 2 royal jellies
 f - 2 bread rations
 r - 3 chunks of flesh
 s - 4 fruits


   Skills:
 + Level 3.6 Fighting
 + Level 1.0(1.9) Short Blades
   Level 2.4(2.5) Long Blades
 + Level 3.1 Armour
 + Level 1.3 Dodging
 + Level 3.6 Shields


You had 4 spell levels left.
You didn't know any spells.

Dungeon Overview and Level Annotations

Branches:
Dungeon (4/15)
 Temple: D:4-7

Altars:
Ashenzari
Ru


Innate Abilities, Weirdness & Mutations

You have large cloven feet.
You are mostly covered in slimy green scales. (AC +3)
Your flesh is heat resistant. (rF+)


Message History

The ogre is moderately wounded.
You barely miss the ogre.
The ogre is moderately wounded.
You block the ogre's attack.
You hit the ogre.
You feel better.
The ogre is heavily wounded.
You block the ogre's attack.
You barely miss the ogre.
The ogre is heavily wounded.
The ogre hits you with a giant club!!
You feel better. You block the ogre's attack.
You hit the ogre.
You feel better.
You kick the ogre.
The ogre is severely wounded.
The ogre hits you with a giant club!
You closely miss the ogre. Your kick misses the ogre.
The ogre is severely wounded.
Your shield and scale mail prevent you from hitting the ogre.
The ogre is severely wounded.
The ogre hits you with a giant club!!
You die...

...
#.#
##.##
#...##
+.8..
.r.
#O#
##@##
#...#
#.8.#
#...#
##<##
###


You could see an ogre and a quokka.

Vanquished Creatures
  A worker ant (D:3)
  6 adders
  A worm (D:1)
  A dart slug (D:2)
  2 leopard geckos
  8 bats
  4 giant cockroaches
  3 goblins
  4 hobgoblins
  9 frilled lizards
  12 kobolds
  10 rats
61 creatures vanquished.

Notes
Turn   | Place    | Note
-------+----------+-------------------------------------------
     0 | D:1      | Rozenbaumfricks2 the Demonspawn Fighter began the quest for the Orb.
     0 | D:1      | Reached XP level 1. HP: 18/18 MP: 1/1
   245 | D:1      | Gained mutation: You are partially covered in slimy green scales. (AC +2) [demonic ancestry]
   245 | D:1      | Reached XP level 2. HP: 19/24 MP: 2/2
   731 | D:2      | Gained mutation: You are mostly covered in slimy green scales. (AC +3) [demonic ancestry]
   731 | D:2      | Reached XP level 3. HP: 28/29 MP: 3/3
  1163 | D:2      | Found a sacrificial altar of Ru.
  1466 | D:3      | Gained mutation: Your flesh is heat resistant. (rF+) [demonic ancestry]
  1466 | D:3      | Reached XP level 4. HP: 35/35 MP: 4/4
  1576 | D:3      | Found a shattered altar of Ashenzari.
  1670 | D:3      | Reached skill level 1 in Dodging
  1798 | D:3      | Reached skill level 1 in Short Blades
  2253 | D:3      | Gained mutation: You have large cloven feet. [demonic ancestry]
  2253 | D:3      | Reached XP level 5. HP: 41/41 MP: 5/5
  2311 | D:4      | Noticed an ogre
  2320 | D:4      | Mangled by an ogre

Skill      XL: |  1  2  3  4 |
---------------+-------------+-----
Long Blades    | 2 |  2.4
Shields        | 3 |  3.6
Armour         | 3 |  3.1
Dodging        | 1 |  1.3
Short Blades   | 1 |  1.0
Fighting       | |  3.6

Action                   |  1- 3 |  4- 6 || total
-------------------------+-------+-------++-------
Melee: Long sword        |   172 |       ||   172
       Short sword       |    18 |    93 ||   111
       Kick              |       |     4 ||     4
  Use: Potion            |     1 |     1 ||     2
       Scroll            |     1 |       ||     1
  Eat: Chunk             |     2 |     3 ||     5
       Bread ration      |     1 |       ||     1
Armor: Scale mail        |   114 |    47 ||   161
Dodge: Dodged            |    60 |    21 ||    81
Block: Shield            |   101 |    45 ||   146
       Rpst.: Long sword |    17 |       ||    17
